 Dungeon Crawl Stone Soup version 0.26-a0-576-gcfaa98f945 (webtiles) character file.

Game seed: 1250860950235041285

65 Isi the Covered (level 3, -1/33 HPs)
             Began as a Minotaur Fighter on Aug 22, 2020.
             Killed from afar by an orc wizard (7 damage)
             ... with a magic dart
             ... on level 2 of the Dungeon.
             The game lasted 00:14:10 (1069 turns).

Isi the Covered (Minotaur Fighter)                  Turns: 1069, Time: 00:14:10

Health: -1/33      AC:  7    Str: 21    XL:     3   Next: 92%
Magic:  2/2        EV:  7    Int:  5    God:
Gold:   101        SH:  9    Dex:  9    Spells: 2/2 levels left

rFire    . . .     SeeInvis .   a - +0 long sword
rCold    . . .     Faith    .   c - +0 kite shield
rNeg     . . .     Spirit   .   b - +0 scale mail
rPois    .         Reflect  .   (helmet restricted)
rElec    .         Harm     .   (no cloak)
rCorr    .                      (no gloves)
MR       .....                  (no boots)
Stlth    ..........             (no amulet)
HPRegen  0.11/turn              (no ring)
MPRegen  0.08/turn              (no ring)

@: no status effects
A: retaliatory headbutt, horns 2
a: no special abilities


You were on level 2 of the Dungeon.
You visited 1 branch of the dungeon, and saw 2 of its levels.

You collected 101 gold pieces.

Inventory:

Hand Weapons
 a - a +0 long sword (weapon)
 g - a cursed -2 dagger
 h - a +0 dagger
 j - a +0 club
 m - a +0 dagger
 v - a +0 club
 w - a +0 club
 x - a +0 club
Missiles
 e - 49 stones (quivered)
 o - 5 arrows
 p - 15 bolts
Armour
 b - a +0 scale mail (worn)
 c - a +0 kite shield (worn)
 i - a +0 leather armour
 k - a +0 leather armour
 q - a +0 leather armour
 r - a +0 ring mail
 s - a +0 plate armour
Scrolls
 f - a scroll of blinking {unknown}
 l - 2 scrolls of remove curse {unknown}
 t - a scroll of identify {unknown}
Potions
 d - 4 potions of might
 n - a potion of resistance {unknown}
 u - a potion of brilliance {unknown}


   Skills:
 + Level 4.0 Fighting
 + Level 3.6 Long Blades
 + Level 4.3 Armour
 + Level 4.2 Shields


You had 2 spell levels left.
You didn't know any spells.
Your spell library was empty.

Dungeon Overview and Level Annotations

Branches:
Dungeon (2/15)

Altars:


Innate Abilities, Weirdness & Mutations

You reflexively headbutt those who attack you in melee.
You have a pair of horns on your head.


Message History

The orc wizard hits you but does no damage.
You hit the orc wizard but do no damage.
Your headbutt misses the orc wizard.
The orc priest invokes the aid of Beogh against you.
Beogh smites you!
* * * LOW HITPOINT WARNING * * *
The orc wizard casts a spell at you. The puff of flame misses you.
The orc priest casts a cantrip, but nothing happens.
The orc wizard casts a spell.
The orc wizard seems to speed up.
Throwing (i - inventory)
e - 50 stones (quivered)
Press: ? - help, Shift-Dir - straight line, f - orc wizard
Aim: an orc wizard, wielding a +0 dagger and wearing a +0 robe (fast)
You throw a stone. The stone hits the orc wizard.
The orc wizard is lightly wounded.
The orc wizard hits you but does no damage.
The orc wizard casts a spell at you. The magic dart hits you!
You die...

.......................+.........
###.#####......######.##.........
#.# #......# #.............. #.#
#......# #.....######### #.#
#......# #............## #.#
#......######.#######....
.##.########...........o#.....†..
.......##############.#.#...<....
.........†......@.o.o.#.#########
....##..###############.o.oo.)...
#...###.# ##########. #...# #.#
.. #...# #.# ##. ...## #.# .# ...
#.# . ... #.# #.#


You could see an orc priest and an orc wizard (fast).

Vanquished Creatures
  An orc wizard (D:2)
  A leopard gecko (D:1)
  4 bats
  A giant cockroach (D:1)
  3 goblins
  4 hobgoblins
  6 jackals (D:1)
  5 kobolds
  A quokka (D:2)
  3 frilled lizards
  2 rats
31 creatures vanquished.

Notes
Turn   | Place    | Note
-------+----------+-------------------------------------------
     0 | D:1      | Isi the Minotaur Fighter began the quest for the Orb.
     0 | D:1      | Reached XP level 1. HP: 19/19 MP: 0/0
   147 | D:1      | Reached XP level 2. HP: 23/27 MP: 1/1
   913 | D:2      | Reached XP level 3. HP: 33/33 MP: 2/2
  1069 | D:2      | Killed from afar by an orc wizard

Illustrated notes

Levels and vault maps discovered:
D:1:      onia_arrival_mini_spirals, layout_rooms, minmay_pentomino_q4
D:2:      minmay_razor_zed, layout_basic

Skill      XL: |  1  2  3 |
---------------+----------+-----
Armour         | 4 |  4.3
Shields        | 4 |  4.2
Long Blades    | 3 |  3.6
Fighting       | 4 |  4.0

Action                   || total
-------------------------++-------
Melee: Long sword        ||    70
       Headbutt          ||     7
Throw: Stone             ||     1
Armor: Scale mail        ||    27
Dodge: Dodged            ||    18
Block: Kite shield       ||    36
       Rpst.: Long sword ||     6

Table legend: (Time is in decaauts)
 A = Elapsed time spent in this place.
 B = Non-inter-level travel time spent in this place.
 C = Inter-level travel time spent in this place.
 D = Time resting spent in this place.
 E = Time spent auto-exploring this place.
 F = Levels seen in this place.
 G = Mean time per level.
                   A        B        C        D        E       F      G
               +--------+--------+--------+--------+--------+-----+--------+
         Total |   1092 |    348 |    744 |      0 |      0 |   2 |  546.0 |
       Dungeon |   1092 |    348 |    744 |      0 |      0 |   2 |  546.0 |
               +--------+--------+--------+--------+--------+-----+--------+

Top non-repeatable levels by time:
     D:1: 694 daAuts
     D:2: 397 daAuts
